 Dungeon Crawl Stone Soup version 0.27-a0-1188-g73eefd5def (webtiles) character file.

Game seed: 10655156539276841563

37 streetpizza the Skirmisher (level 3, -9/33 HPs)
             Began as a Minotaur Fighter on May 21, 2021.
             Mangled by Terence
             ... wielding a +3 flail of protection
              (10 damage)
             ... on level 2 of the Dungeon.
             The game lasted 00:04:26 (1247 turns).

streetpizza the Skirmisher (Minotaur Fighter)       Turns: 1247, Time: 00:04:26

Health: -9/33      AC:  7    Str: 20    XL:     3   Next: 21%
Magic:  2/2        EV:  7    Int:  6    God:
Gold:   56         SH:  9    Dex:  9    Spells: 2/2 levels left

rFire    . . .     SeeInvis .   a - +0 flail
rCold    . . .     Faith    .   c - +0 kite shield
rNeg     . . .     Spirit   .   b - +0 scale mail
rPois    .         Reflect  .   (helmet restricted)
rElec    .         Harm     .   (no cloak)
rCorr    .         Rampage  .   (no gloves)
Will     .....                  (no boots)
Stlth    ..........             (no amulet)
HPRegen  0.11/turn              (no ring)
MPRegen  0.08/turn              (no ring)

@: no status effects
A: horns 2, retaliatory headbutt
a: no special abilities


You were on level 2 of the Dungeon.
You visited 1 branch of the dungeon, and saw 2 of its levels.

You collected 56 gold pieces.

Inventory:

Hand Weapons
 a - a +0 flail (weapon)
Armour
 b - a +0 scale mail (worn)
 c - a +0 kite shield (worn)
Scrolls
 e - a scroll of magic mapping {unknown}
 g - a scroll of acquirement {unknown}
 h - a scroll of amnesia {unknown}
 i - a scroll of identify {unknown}
Potions
 d - a potion of might
 f - a potion of curing {unknown}
 j - a potion of invisibility {unknown}
 k - a potion of haste {unknown}


   Skills:
 + Level 4.1 Fighting
 + Level 3.0 Maces & Flails
 + Level 4.1 Armour
 + Level 4.1 Shields


You had 2 spell levels left.
You didn't know any spells.
Your spell library was empty.

Dungeon Overview and Level Annotations

Branches:
Dungeon (2/15)

Altars:

Annotations:
D:2 Terence


Innate Abilities, Weirdness & Mutations

You have a pair of horns on your head.
You reflexively headbutt those who attack you in melee.


Message History

The quokka bites you but does no damage.
You barely miss the quokka.
The quokka is moderately wounded.
The quokka bites you but does no damage.
The quokka barely misses you. You furiously retaliate!
You headbutt the quokka.
You kill the quokka!
You hit the bat.
You kill the bat!
Terence screams, "I want your blood!"
You barely miss Terence. Your headbutt misses Terence.
Terence hits you with a +3 flail of protection!
You hit Terence but do no damage. You headbutt Terence!
Terence is heavily wounded.
Terence hits you but does no damage. You block Terence's attack.
You hit Terence but do no damage.
Terence is heavily wounded.
Terence hits you with a +3 flail of protection!
You hit Terence but do no damage.
Terence is heavily wounded.
Terence hits you with a +3 flail of protection.
Terence barely misses you.
You completely miss Terence.
Terence is heavily wounded.
Terence barely misses you.
You hit Terence. Your headbutt misses Terence.
Terence is heavily wounded.
You block Terence's attack.
You closely miss Terence. Your headbutt misses Terence.
Terence is heavily wounded.
Terence says, "How do you enjoy it?"
Terence hits you with a +3 flail of protection.
You block Terence's attack.
You hit Terence.
Terence is heavily wounded.
Terence hits you with a +3 flail of protection!
* * * LOW HITPOINT WARNING * * *
You hit Terence but do no damage. You headbutt Terence.
Terence is severely wounded.
Terence hits you with a +3 flail of protection!
You die...

#..........##
##...........
#...........
#...........
##.##.###..
#!.# .# .#
#g## .. #@#
.. #@# .. #.#
... #...#
..##. ... ..
... .. #...
..


You could see Terence and a goblin.

Vanquished Creatures
  A dart slug (D:1)
  4 bats
  5 endoplasms (D:1)
  A giant cockroach (D:1)
  7 hobgoblins (D:1)
  2 quokkas
  3 frilled lizards
  3 kobolds (D:1)
  3 rats
29 creatures vanquished.

Notes
Turn   | Place    | Note
-------+----------+-------------------------------------------
     0 | D:1      | streetpizza the Minotaur Fighter began the quest for the
                  | Orb.
     0 | D:1      | Reached XP level 1. HP: 19/19 MP: 0/0
   357 | D:1      | Reached XP level 2. HP: 27/27 MP: 1/1
   844 | D:1      | Reached XP level 3. HP: 29/33 MP: 2/2
  1210 | D:2      | Noticed Terence
  1246 | D:2      | HP: 1/33 [Terence/+3 flail of protection (10)]
  1247 | D:2      | Mangled by Terence

Illustrated notes

Levels and vault maps discovered:
D:1:      scummos_arrival_hexagon, layout_basic, serial_bayou_pond_d,
          supply_closet_lemuel, palyth_stone_intersect, minmay_statues_item,
          kennysheep_crisscross
D:2:      layout_rooms, basic_altar, uniq_terence

Skill      XL: |  1  2 |
---------------+-------+-----
Armour         | 4 |  4.1
Fighting       | 4 |  4.1
Shields        | 4 |  4.1
Maces & Flails | 3 |  3.0

Action                   || total
-------------------------++-------
Melee: Flail             ||    71
       Headbutt          ||     8
Armor: Scale mail        ||    19
Dodge: Dodged            ||    19
Block: Kite shield       ||    42

Table legend: (Time is in decaauts)
 A = Elapsed time spent in this place.
 B = Non-inter-level travel time spent in this place.
 C = Inter-level travel time spent in this place.
 D = Time resting spent in this place.
 E = Time spent auto-exploring this place.
 F = Levels seen in this place.
 G = Mean time per level.
                   A        B        C        D        E       F      G
               +--------+--------+--------+--------+--------+-----+--------+
         Total |   1280 |   1249 |     31 |      2 |   1005 |   2 |  640.0 |
       Dungeon |   1280 |   1249 |     31 |      2 |   1005 |   2 |  640.0 |
               +--------+--------+--------+--------+--------+-----+--------+

Top non-repeatable levels by time:
     D:1: 1234 daAuts
     D:2: 45 daAuts
